 Dungeon Crawl Stone Soup version 0.28-a0-1080-g05a166d0ed (webtiles) character file.

Game seed: 13352713268263174030

517 enile the Grave Robber (level 7, -3/54 HPs)
             Began as a Mummy Necromancer on Dec 10, 2021.
             Was an Initiate of Yredelemnul.
             Slain by a yak (13 damage)
             ... on level 5 of the Dungeon.
             The game lasted 00:10:53 (5218 turns).

enile the Grave Robber (Mummy Necromancer)          Turns: 5218, Time: 00:10:57

Health: -3/54      AC:  3    Str: 12    XL:     7   Next: 0%
Magic:  0/20       EV: 12    Int: 16    God:    Yredelemnul [......]
Gold:   136        SH:  0    Dex: 12    Spells: 3/12 levels left

rFire   x . .      SeeInvis +   v - +3 quarterstaff (chaos)
rCold   + . .      Faith    .   (shield currently unavailable)
rNeg    + + +      Spirit   +   a - +0 robe
rPois   ∞          Reflect  .   r - +0 helmet {SInv}
rElec   .          Harm     .   (no cloak)
rCorr   .          Rampage  .   (no gloves)
Will    .....                   (no boots)
Stlth   ++........              l - amulet of guardian spirit
HPRegen 0.18/turn               d - ring of wizardry
MPRegen 0.17/turn               k - ring of magical power

@: no status effects
A: cold resistance 1, negative energy resistance 3, torment resistance 2, heat
vulnerability 1, no potions
a: Renounce Religion, Recall Undead Harvest


You were on level 5 of the Dungeon.
You worshipped Yredelemnul.
Yredelemnul was noncommittal.
You visited 2 branches of the dungeon, and saw 6 of its levels.

You collected 136 gold pieces.

Inventory:

Hand Weapons
 h - a +0 dagger
 i - a +0 spear
 o - a +3 short sword of venom
 s - a +0 dagger of electrocution
 v - a +3 quarterstaff of chaos (weapon)
Missiles
 e - 6 boomerangs
Armour
 a - a +0 robe (worn)
 r - a +0 helmet of see invisible (worn)
 w - a +0 cloak
Jewellery
 d - a ring of wizardry (left hand)
 k - a ring of magical power (right hand)
 l - an amulet of guardian spirit (around neck)
 t - a ring of resist corrosion
Scrolls
 c - 2 scrolls of vulnerability
 f - a scroll of acquirement {unknown}
 j - a scroll of magic mapping
 m - a scroll of holy word
 n - a scroll of fog
 p - 2 scrolls of noise {unknown}
 q - 3 scrolls of enchant armour {unknown}


   Skills:
 - Level 4.0 Fighting
 - Level 2.0 Short Blades
 - Level 2.0 Dodging
 - Level 3.0 Stealth
 - Level 3.1 Spellcasting
 - Level 5.0 Necromancy
 + Level 2.2 Invocations


You had 3 spell levels left.
You knew the following spells:

 Your Spells              Type           Power      Damage    Failure   Level
a - Pain                  Necr           72%        1d7       1%          1
b - Vampiric Draining     Necr           18%        2d7       2%          3
c - Agony                 Necr           18%        N/A       26%         5

Your spell library contained the following spells:

 Spells                   Type           Power      Damage    Failure   Level
 Animate Skeleton         Necr           36%        N/A       1%          1
 Animate Dead             Necr           9%         N/A       10%         4


Dungeon Overview and Level Annotations

Branches:
Dungeon (5/15)             Temple (1/1) D:4

Altars:
Ashenzari
Cheibriados
Dithmenos
Elyvilon
Fedhas
Gozag
Hepliaklqana
Kikubaaqudgha
Makhleb
Nemelex Xobeh
Okawaru
Qazlal
Ru
Sif Muna
Trog
Uskayaw
Vehumet
Xom
Yredelemnul
Zin
The Shining One

Shops:
D:1 =   D:2 [


Innate Abilities, Weirdness & Mutations

You are immune to poison.
Your flesh is cold resistant. (rC+)
You are immune to negative energy. (rN+++)
You are immune to unholy pain and torment.
You are vulnerable to heat. (rF-)
You do not drink.


Message History

Casting: Vampiric Draining (dangerous; 2% risk of failure)
Confirm with . or Enter, or press ? or * to list all spells.
You don't have enough magic to cast this spell.
Casting: Vampiric Draining (dangerous; 2% risk of failure)
Confirm with . or Enter, or press ? or * to list all spells.
You don't have enough magic to cast this spell.
Casting: Vampiric Draining (dangerous; 2% risk of failure)
Confirm with . or Enter, or press ? or * to list all spells.
You don't have enough magic to cast this spell.
Casting: Vampiric Draining (dangerous; 2% risk of failure)
Confirm with . or Enter, or press ? or * to list all spells.
You don't have enough magic to cast this spell.
You see here a +0 whip.
The yak gores you!
* * * LOW HITPOINT WARNING * * *
Casting: Vampiric Draining (dangerous; 2% risk of failure)
Confirm with . or Enter, or press ? or * to list all spells.
You don't have enough magic to cast this spell.
Casting: Vampiric Draining (dangerous; 2% risk of failure)
Confirm with . or Enter, or press ? or * to list all spells.
You don't have enough magic to cast this spell.
Casting: Vampiric Draining (dangerous; 2% risk of failure)
Confirm with . or Enter, or press ? or * to list all spells.
You don't have enough magic to cast this spell.
Casting: Vampiric Draining (dangerous; 2% risk of failure)
Confirm with . or Enter, or press ? or * to list all spells.
You don't have enough magic to cast this spell.
Unknown command.
Casting: Vampiric Draining (dangerous; 2% risk of failure)
Confirm with . or Enter, or press ? or * to list all spells.
You don't have enough magic to cast this spell.
Casting: Vampiric Draining (dangerous; 2% risk of failure)
Confirm with . or Enter, or press ? or * to list all spells.
Aiming: Vampiric Draining (dangerous; 2% risk of failure)
Press: ? - help, Shift-Dir - straight line, f/p - yak
Aim: a yak (severely wounded)
You draw life force from the yak!
You feel life coursing into your body. The yak gores you!
You die...
Yredelemnul claims you as an undead slave.

#...##### #.......#
####.##.###
#..#...##
##.###..####
#.####....## #..#
####).#########
##.#######..........
#..Y@..>...<....###
###########..#.....
##### #....#...
#...###..#.###.
#..............
#....#####.##.#
#(..## ... . #...#
##.# ##..## .


You could see a yak.

Vanquished Creatures
  2 ogres
  A phantom (D:4)
  3 hounds (D:5)
  Crazy Yiuf (D:4)
  7 adders
  A shadow imp (D:3)
  2 worms
  2 dart slugs
  6 orcs
  7 endoplasms
  2 giant cockroaches
  5 goblins
  8 hobgoblins
  5 kobolds
  4 quokkas
  5 ball pythons
  4 bats
  3 frilled lizards
  A jackal skeleton (D:4)
  6 rats
75 creatures vanquished.

Vanquished Creatures (collateral kills)
  A dart slug (D:4)
  An orc (D:4)
2 creatures vanquished.

Vanquished Creatures (others)
  A dart slug zombie (D:4)
  A giant cockroach zombie (D:4)
  A hobgoblin zombie (D:4)
  4 orc zombies (D:4)
7 creatures vanquished.

Grand Total: 84 creatures vanquished

Notes
Turn   | Place    | Note
-------+----------+-------------------------------------------
     0 | D:1      | enile the Mummy Necromancer began the quest for the Orb.
     0 | D:1      | Reached XP level 1. HP: 13/13 MP: 4/4
   360 | D:1      | Reached XP level 2. HP: 19/19 MP: 2/5
   416 | D:1      | Found Vadusud's Jewellery Shoppe.
  1211 | D:1      | Found a faded altar of an unknown god.
  1526 | D:2      | Reached skill level 1 in Fighting
  1526 | D:2      | Reached XP level 3. HP: 12/26 MP: 1/7
  2216 | D:2      | Found Cuuluigh's Armour Boutique.
  2580 | D:3      | Reached XP level 4. HP: 30/33 MP: 1/8
  2603 | D:3      | Learned a level 3 spell: Vampiric Draining
  3243 | D:4      | Noticed an ogre
  3252 | D:3      | Killed an ogre
  3253 | D:3      | Reached skill level 1 in Short Blades
  3253 | D:3      | Reached skill level 5 in Necromancy
  3253 | D:3      | Reached XP level 5. HP: 38/38 MP: 1/9
  3653 | D:4      | Noticed a phantom
  3678 | D:4      | Killed a phantom
  3679 | D:4      | Reached XP level 6. HP: 7/48 MP: 3/10
  3950 | D:4      | Found a staircase to the Ecumenical Temple.
  3999 | D:4      | Found a runed translucent door.
  4021 | Temple   | Entered the Ecumenical Temple
  4367 | Temple   | Became a worshipper of Yredelemnul the Dark
  4543 | D:4      | Noticed Crazy Yiuf
  4629 | D:4      | Reached * piety under Yredelemnul
  4834 | D:4      | Learned a level 5 spell: Agony
  4848 | D:4      | Killed Crazy Yiuf
  5005 | D:5      | Entered Level 5 of the Dungeon
  5026 | D:5      | Reached skill level 1 in Invocations
  5134 | D:5      | Reached XP level 7. HP: 53/54 MP: 11/11
  5159 | D:5      | Noticed a yak
  5160 | D:5      | Noticed a yak
  5163 | D:5      | Noticed a yak
  5218 | D:5      | Slain by a yak

Illustrated notes

Levels and vault maps discovered:
D:1:      saegor_arrival_simple_e, layout_basic, serial_shops,
          nicolae_shop_hallway_stairs, shapermc_ecumenical_altar_acropolis
D:2:      layout_basic, serial_shops, nicolae_lakefront_shop,
          chequers_serial_rivers_micro_c, mrwooster_statue_mirror
D:3:      layout_rooms
D:4:      kennysheep_big_flooded_room, layout_gridville,
          minmay_temple_entry_arrows, uniq_crazy_yiuf_cottage
D:5:      layout_rooms, amcnicky_altar_gilded
Temple:   mainiacjoe_temple_circle_huts

Skill      XL: |  1  2  3  4  5  6 |
---------------+-------------------+-----
Spellcasting   | 3 |  3.1
Stealth        | 2 3 |  3.0
Fighting       | 1 2 3 4 |  4.0
Dodging        | 2 |  2.0
Short Blades   | 1 2 |  2.0
Necromancy     | 5 |  5.0
Invocations    | 2 |  2.2

Action                   |  1- 3 |  4- 6 |  7- 9 || total
-------------------------+-------+-------+-------++-------
Melee: Unarmed           |     4 |       |       ||     4
       Spear             |    21 |       |       ||    21
       Short sword       |     3 |    16 |       ||    19
       Dagger            |       |    47 |       ||    47
       Quarterstaff      |       |     4 |     4 ||     8
 Cast: Pain              |    80 |    60 |       ||   140
       Vampiric Draining |       |    10 |     2 ||    12
       Agony             |       |     1 |       ||     1
  Use: Scroll            |       |     6 |     2 ||     8
 Stab: Sleeping          |     1 |       |       ||     1
Armor: Robe              |     4 |    14 |       ||    18
Dodge: Dodged            |    30 |    53 |     2 ||    85

Table legend: (Time is in decaauts)
 A = Elapsed time spent in this place.
 B = Non-inter-level travel time spent in this place.
 C = Inter-level travel time spent in this place.
 D = Time resting spent in this place.
 E = Time spent auto-exploring this place.
 F = Levels seen in this place.
 G = Mean time per level.
                   A        B        C        D        E       F      G
               +--------+--------+--------+--------+--------+-----+--------+
         Total |   5221 |   4789 |    432 |    102 |   4034 |   6 |  870.2 |
       Dungeon |   4854 |   4468 |    386 |    102 |   3734 |   5 |  970.8 |
        Temple |    367 |    322 |     45 |      0 |    300 |   1 |  367.0 |
               +--------+--------+--------+--------+--------+-----+--------+

Top non-repeatable levels by time:
     D:1: 1470 daAuts
     D:4: 1283 daAuts
     D:2: 1004 daAuts
     D:3: 881 daAuts
  Temple: 367 daAuts
     D:5: 215 daAuts
